 Dungeon Crawl Stone Soup version 0.22.0-38-g04b72b8c25 (webtiles) character file.

86 Muumios the Skirmisher (level 4, 0/37 HPs)
             Began as a Mummy Chaos Knight on Aug 30, 2018.
             Slain by an orc wizard
             ... wielding a +0 dagger
              (3 damage)
             ... on level 3 of the Dungeon.
             The game lasted 00:05:28 (1849 turns).

Muumios the Skirmisher (Mummy Chaos Knight)         Turns: 1849, Time: 00:05:29

Health: 0/37       AC:  6    Str: 15    XL:     4   Next: 26%
Magic:  4/4        EV: 11    Int: 11    God:    Xom [..*...]
Gold:   139        SH:  0    Dex: 17    Spells: 3/3 levels left

rFire    x . .     SeeInvis .   a - +0 mace (chaos)
rCold    + . .     Gourm    .   (no shield)
rNeg     + + +     Faith    .   b - +3 leather armour
rPois    ∞         Spirit   .   (no helmet)
rElec    .         Reflect  .   (no cloak)
rCorr    .         Harm     .   (no gloves)
MR       .....                  (no boots)
Stlth    +.........             (no amulet)
HPRegen  0.12/turn              g - +5 ring of dexterity
MPRegen  0.09/turn              (no ring)

@: confused
A: no food or potions, fire vulnerability, cold resistance 1, negative energy
resistance 3, torment resistance, unbreathing
a: Renounce Religion


You were on level 3 of the Dungeon.
You worshipped Xom.
You were a toy of Xom.
You were not hungry.

You visited 1 branch of the dungeon, and saw 4 of its levels.

You collected 139 gold pieces.

Inventory:

Hand Weapons
 a - a +0 mace of chaos (weapon)
Armour
 b - a +3 leather armour (worn)
Jewellery
 g - a +5 ring of dexterity (left hand)
 h - an uncursed ring of wizardry {unknown}
Scrolls
 c - a scroll of amnesia
 d - a scroll of remove curse
 e - 2 scrolls of enchant armour
 f - a scroll of immolation
 j - 2 scrolls of identify


   Skills:
 * Level 4.2 Fighting
 * Level 3.4 Maces & Flails
 - Level 1.5 Armour
 - Level 0.7 Dodging


You had 3 spell levels left.
You didn't know any spells.
Your spell library was empty.

Dungeon Overview and Level Annotations

Branches:
Dungeon (4/15)
 Temple: D:4-7

Altars:
Ashenzari

Annotations:
D:2 Jessica, Sigmund, Terence


Innate Abilities, Weirdness & Mutations

You do not eat or drink.
Your flesh is vulnerable to fire.
You are immune to poison.
Your flesh is cold resistant. (rC+)
You are immune to negative energy. (rN+++)
You are immune to unholy pain and torment.
You can survive without breathing.


Message History

You detect nothing.
There is a stone staircase leading up here.
You climb upwards.
Your summoned ally is left behind.
The gnoll hits you from afar with a spear of venom.
There is a stone staircase leading down here.
The gnoll barely misses you. The orc wizard casts a spell at you.
You are confused.
The gnoll hits you from afar with a spear.
You're too confused!
Unknown command.
The gnoll hits you with a spear of venom.
The gnoll hits you from afar with a spear!
* * * LOW HITPOINT WARNING * * *
A phantom comes into view.
The gnoll hits you from afar with a spear of venom.
* * * LOW HITPOINT WARNING * * *
The orc wizard hits you with a dagger.
You die...
Xom guffaws!

#########..#.#####.# #.#
#### #.....#.......# #.#
..... #.###.#.####### #.#
.....##.###.#.###### #.#
.......†g..........# #.#
........####.o.....# #.#
......g.# #..gg...####.#
####....####...oo.......#
####....##>..@.......#
####.##.####......#
#.##.# ......# #.##.#
......# #g##.# ..W...# #
#.##.# ....... #o #g##..
....... #.#.. #.####
#.....##o#


You could see 2 orc wizards, 2 gnolls and an orc.

Vanquished Creatures
  An adder (D:3)
  An ooze (D:1)
  2 worms (D:2)
  3 dart slugs (D:2)
  A leopard gecko (D:2)
  An orc (D:4)
  5 giant cockroaches
  6 goblins
  4 hobgoblins
  5 jackals
  12 kobolds
  2 quokkas
  A ball python (D:1)
  5 bats
  A frilled lizard (D:3)
  3 rats
53 creatures vanquished.

Notes
Turn   | Place    | Note
-------+----------+-------------------------------------------
     0 | D:1      | Muumios the Mummy Chaos Knight began the quest for the Orb.
     0 | D:1      | Reached XP level 1. HP: 18/18 MP: 1/1
   131 | D:1      | Reached XP level 2. HP: 24/24 MP: 2/2
   215 | D:1      | XOM: silly message
   224 | D:1      | XOM: divination: detect creatures
   265 | D:1      | XOM: divination: detect creatures
   490 | D:1      | XOM: harmless Conj miscast
   520 | D:1      | Reached XP level 3. HP: 23/29 MP: 3/3
   798 | D:2      | Noticed Jessica
   799 | D:2      | XOM: butterfly on damage
   804 | D:2      | XOM: confuse monster(s)
  1016 | D:2      | Reached skill level 4 in Fighting
  1096 | D:2      | Noticed Terence
  1101 | D:2      | XOM: mild Necr miscast
  1129 | D:2      | Noticed Sigmund
  1178 | D:2      | XOM: cast spell 'Ring of Flames'
  1448 | D:3      | Reached XP level 4. HP: 37/37 MP: 4/4
  1719 | D:4      | Found a shattered altar of Ashenzari.
  1832 | D:4      | Noticed an ogre
  1834 | D:4      | XOM: divination: detect items
  1836 | D:4      | XOM: cast spell 'Summon Butterflies'
  1837 | D:4      | XOM: divination: detect creatures
  1847 | D:3      | Noticed a phantom
  1849 | D:3      | Slain by an orc wizard

Skill      XL: |  1  2  3 |
---------------+----------+-----
Maces & Flails | 3 |  3.4
Fighting       | 4 |  4.2
Armour         | |  1.5
Dodging        | |  0.7

Action                   |  1- 3 |  4- 6 || total
-------------------------+-------+-------++-------
Melee: Mace              |   106 |    21 ||   127
  Use: Scroll            |     8 |       ||     8
Armor: Leather armour    |    59 |     3 ||    62
Dodge: Dodged            |   124 |    12 ||   136
